 Dungeon Crawl Stone Soup version 0.27-a0-951-gae3e1deef5 (webtiles) character file.

Game seed: 16405830290648706953

8 Alarkh the Insei (level 2, 19/21 HPs)
             Began as a Demonspawn Transmuter on Apr 11, 2021.
             Got out of the dungeon alive.
             The game lasted 00:00:14 (321 turns).

Alarkh the Insei (Demonspawn Transmuter)             Turns: 321, Time: 00:00:15

Health: 19/21      AC:  2    Str: 10    XL:     2   Next: 0%
Magic:  5/5        EV: 12    Int: 14    God:
Gold:   16         SH:  0    Dex: 13    Spells: 4/5 levels left

rFire    . . .     SeeInvis .     - Unarmed
rCold    . . .     Faith    .   (no shield)
rNeg     . . .     Spirit   .   a - +0 robe
rPois    .         Reflect  .   (no helmet)
rElec    .         Harm     .   (no cloak)
rCorr    .         Rampage  .   (no gloves)
Will     .....                  (no boots)
Stlth    +.........             (no amulet)
HPRegen  0.07/turn              (no ring)
MPRegen  0.18/turn              (no ring)

@: no status effects
A: magic regeneration
a: no special abilities


You escaped.
You visited 1 branch of the dungeon, and saw 1 of its levels.

You collected 16 gold pieces.

Inventory:

Armour
 a - a +0 robe (worn)
Potions
 b - a potion of degeneration {unknown}
 c - 2 potions of curing {unknown}
 d - a potion of cancellation {unknown}


   Skills:
 + Level 1.2 Fighting
 - Level 1.7 Dodging
 * Level 2.9 Unarmed Combat
 + Level 2.1 Spellcasting
 + Level 1.9 Transmutations


You had 4 spell levels left.
You knew the following spells:

 Your Spells              Type           Power      Damage    Failure   Level
a - Beastly Appendage     Tmut           14%        N/A       11%         1

Your spell library contained the following spells:

 Spells                   Type           Power      Damage    Failure   Level
 Wereblood                Tmut           7%         N/A       16%         2
 Spider Form              Tmut/Pois      2%         N/A       43%         3
 Ice Form                 Ice/Tmut       4%         N/A       83%         4
 Hydra Form               Tmut           3%         N/A       96%         5


Dungeon Overview and Level Annotations

Branches:
Dungeon (1/15)

Altars:


Innate Abilities, Weirdness & Mutations

You regenerate magic rapidly.


Message History

No target in view!
Your transformation is almost over.
Your horns disappear.
Your talons disappear.
A quokka comes into view.
A quokka is nearby!
A quokka is nearby!
A quokka is nearby!
Casting: Beastly Appendage (safe; 11% risk of failure)
Confirm with . or Enter, or press ? or * to list all spells.
You grow a pair of large bovine horns.
Your feet morph into talons.
Unknown command.
You hit the quokka but do no damage. Your headbutt misses the quokka.
The quokka twitches its whiskers.
The quokka closely misses you. The quokka bites you.
You barely miss the quokka. The quokka completely misses you.
You barely miss the quokka. You headbutt the quokka.
The quokka is moderately wounded.
The quokka bites you.
You barely miss the quokka. You claw the quokka.
The quokka is almost dead.
The quokka bites you.
You closely miss the quokka.
The quokka is almost dead.
Your transformation is almost over.
The quokka bites you but does no damage.
You hit the quokka.
You kill the quokka!
You have reached level 2!
Your demonic ancestry asserts itself...
Your magic begins to regenerate rapidly.
Unknown command.
Your horns disappear.
Your talons disappear.
You see here 16 stones.
There is an open door here.
There is an open door here.
There is an escape hatch in the floor here.
You see here a bat skeleton.
There is a staircase leading out of the dungeon here.
Are you sure you want to leave the Dungeon?
This will make you lose the game!
You have escaped!

#.# #.###.#...###.##.## ...
#.............##.# #.#
#.......########.# #.# ###
###.##### ##'## ... ..# #.#
##...## #.# #.# #.#
########.....## .†#
#.#####.###.....###.....## ##
..###.##...##.........##.....###.
..........##....@#.....##....'...
..###.##.##.....###.....#....###.
....#.##.##..... #.....##..## #.
#.#.#.##.#.....# ##.....#.## #.
#.....##.#..#.. #..#..### #.
###.####.#..#.. #..#..# ## #.#
###..... ##.....# #.# ....
#.....## #.# .....###÷....###


There were no monsters in sight!

Vanquished Creatures
  2 ball pythons (D:1)
  2 quokkas (D:1)
  2 bats (D:1)
  A frilled lizard (D:1)
7 creatures vanquished.

Notes
Turn   | Place    | Note
-------+----------+-------------------------------------------
     0 | D:1      | Alarkh the Demonspawn Transmuter began the quest for the
                  | Orb.
     0 | D:1      | Reached XP level 1. HP: 15/15 MP: 3/3
   235 | D:1      | Gained mutation: You regenerate magic rapidly. [demonic
                  | ancestry]
   235 | D:1      | Reached XP level 2. HP: 13/21 MP: 3/5
   321 | D:$      | Got out of the dungeon alive.

Illustrated notes

Levels and vault maps discovered:
D:1:      minmay_arrival_loop, layout_loops_corners,
          shapermc_ecumenical_altar_totnotflames

Action                   || total
-------------------------++-------
Melee: Unarmed           ||    20
       Kick              ||     3
       Headbutt          ||     3
 Cast: Beastly Appendage ||     6
 Stab: Sleeping          ||     1
Armor: Robe              ||     4
Dodge: Dodged            ||    14

Table legend: (Time is in decaauts)
 A = Elapsed time spent in this place.
 B = Non-inter-level travel time spent in this place.
 C = Inter-level travel time spent in this place.
 D = Time resting spent in this place.
 E = Time spent auto-exploring this place.
 F = Levels seen in this place.
 G = Mean time per level.
                   A        B        C        D        E       F      G
               +--------+--------+--------+--------+--------+-----+--------+
         Total |    319 |    234 |     85 |      0 |    188 |   1 |  319.0 |
       Dungeon |    319 |    234 |     85 |      0 |    188 |   1 |  319.0 |
               +--------+--------+--------+--------+--------+-----+--------+

Top non-repeatable levels by time:
     D:1: 319 daAuts
